 Dungeon Crawl Stone Soup version 0.22.1-2-g9c5b331 (webtiles) character file.

28 Fang the Skirmisher (level 3, -4/24 HPs)
             Began as a Gargoyle Berserker on Nov 12, 2018.
             Was a Follower of Trog.
             Slain by Sigmund
             ... wielding a +0 vampiric scythe
              (6 damage)
             ... on level 2 of the Dungeon.
             The game lasted 00:01:41 (707 turns).

Fang the Skirmisher (Gargoyle Berserker)             Turns: 707, Time: 00:01:42

Health: -4/24      AC:  5    Str: 21    XL:     3   Next: 14%
Magic:  3/3        EV: 12    Int:  7    God:    Trog [*.....]
Gold:   30         SH:  0    Dex:  9    Spells: 2/2 levels left

rFire    . . .     SeeInvis .   a - +0 hand axe
rCold    . . .     Gourm    .   (no shield)
rNeg     + . .     Faith    .   b - +0 animal skin
rPois    ∞         Spirit   .   (no helmet)
rElec    +         Reflect  .   (no cloak)
rCorr    .         Harm     .   (no gloves)
MR       .....                  (no boots)
Stlth    +.........             (no amulet)
HPRegen  0.08/turn              (no ring)
MPRegen  0.08/turn              (no ring)

@: berserk cooldown, slowed, very slow
A: negative energy resistance 1, electricity resistance, unbreathing,
petrification resistance, rot immunity, AC +3
a: Berserk, Renounce Religion


You were on level 2 of the Dungeon.
You worshipped Trog.
Trog was aware of your devotion.
You were not hungry.

You visited 1 branch of the dungeon, and saw 2 of its levels.

You collected 30 gold pieces.

Inventory:

Hand Weapons
 a - a +0 hand axe (weapon)
Armour
 b - a +0 animal skin (worn)
Scrolls
 d - a scroll of magic mapping {unknown}
 e - a scroll of random uselessness {unknown}
 g - a scroll of noise {unknown}
Potions
 f - 2 potions of lignification {unknown}
 h - a potion of brilliance {unknown}
Comestibles
 c - 4 rations


   Skills:
 + Level 3.8 Fighting
 + Level 3.2 Axes
 + Level 2.4 Armour
 + Level 1.6 Dodging


You had 2 spell levels left.
You didn't know any spells.
Your spell library was empty.

Dungeon Overview and Level Annotations

Branches:
Dungeon (2/15)

Altars:
Fedhas
Gozag
Kikubaaqudgha
Qazlal
Xom

Annotations:
D:2 Sigmund


Innate Abilities, Weirdness & Mutations

You are resistant to torment.
Your stone body is resilient. (AC +3)
You are immune to poison.
You resist negative energy. (rN+)
You are resistant to electric shocks. (rElec)
You can survive without breathing.
You are immune to petrification.
You are immune to rotting.


Message History

Sigmund misses you. The rat misses you.
A ball python comes into view.
Sigmund barely misses you.
The ball python hisses angrily.
The rat bites you but does no damage.
Sigmund gestures wildly while chanting.
Sigmund flickers and vanishes!
Deactivating autopickup; reactivate with Ctrl-A.
The ball python barely misses you. The ball python grabs you.
* * * LOW HITPOINT WARNING * * *
The ball python constricts you. The ball python closely misses you.
The ball python constricts you.
Found a stormy altar of Qazlal.
You hit the ball python.
You kill the ball python!
Trog accepts your kill.
You closely miss the rat. The rat bites you but does no damage.
The rat closely misses you. Something hits you.
You die...

..#. . .... .# #..###.##
#........ ## #........
#...###........
.._............ . #@.$.# #.
#r...# #.
#w...########.....
.####.####...##...<........
..............#...........
..............#..........#
...........>..#..........#
###........<.............#
..........†...#..........#


You could see a worm and a rat.

Vanquished Creatures
  An ooze (D:2)
  3 dart slugs
  4 goblins
  2 hobgoblins
  A ball python (D:2)
  2 frilled lizards
  3 kobolds (D:1)
  3 rats
19 creatures vanquished.

Notes
Turn   | Place    | Note
-------+----------+-------------------------------------------
     0 | D:1      | Fang the Gargoyle Berserker began the quest for the Orb.
     0 | D:1      | Reached XP level 1. HP: 14/14 MP: 1/1
   339 | D:1      | Reached XP level 2. HP: 19/19 MP: 2/2
   396 | D:1      | Found a hide-covered altar of Uskayaw.
   398 | D:1      | Found an ancient bone altar of Kikubaaqudgha.
   398 | D:1      | Found a shimmering altar of Xom.
   400 | D:1      | Found a blossoming altar of Fedhas.
   400 | D:1      | Found an opulent altar of Gozag.
   400 | D:1      | Found a shimmering altar of Xom.
   683 | D:2      | Reached XP level 3. HP: 18/24 MP: 3/3
   688 | D:2      | Noticed Sigmund
   706 | D:2      | Found a stormy altar of Qazlal.
   707 | D:2      | Slain by Sigmund

Skill      XL: |  1  2 |
---------------+-------+-----
Axes           | 3 |  3.2
Fighting       | |  3.8
Armour         | |  2.4
Dodging        | |  1.6

Action                   || total
-------------------------++-------
Melee: Hand axe          ||    60
Invok: Berserk           ||     1
 Stab: Sleeping          ||     1
Armor: Animal skin       ||    15
Dodge: Dodged            ||    42
